AoeStats
← skelting

Runestones

507557385Analyzed
1v1 RM · 14d ago on Sep 18, 2026· 51m 40s· 2 players
Game mode
Random Map
Map size
Tiny (2 player)
Population
200
Speed
Normal
Resources
Standard
Victory
Conquest
Starting age
Dark Age
Ending age
Imperial Age
RankedLock teamsTeams togetherTeam positionsShared explorationLock speedFull tech treeHidden civsTurbo modeCheats
Victory
Defeat
🇺🇸 Tatars · United States
1148
+16
🇺🇸 Vikings · United States
1145
-16
subutai
7:57 Loom
10:11 Feudal Age
11:41 Double-Bit Axe
20:43 Castle Age
20:41 Gold Mining
21:39 Fletching
21:58 Crossbowman
22:56 Town Watch
23:14 Pikeman
25:14 Horse Collar
26:21 Bow Saw
27:00 Bodkin Arrow
28:41 Gold Shaft Mining
27:56 Stone Mining
32:13 Padded Archer Armor
34:42 Scale Mail Armor
38:58 Squires
39:27 Forging
39:56 Stone Mining
40:48 Ballistics
41:01 Leather Archer Armor
41:10 Chain Mail Armor
41:31 Iron Casting
46:02 Imperial Age
43:38 Arson
44:55 Elite Skirmisher
46:41 Chieftains
47:00 Bracer
47:52 Conscription
48:50 Arbalester
51:52 Ring Archer Armor
skelting
6:03 Loom
8:45 Feudal Age
21:12 Castle Age
19:50 Double-Bit Axe
20:04 Horse Collar
20:17 Fletching
20:40 Gold Mining
21:42 Wheelbarrow
21:37 Padded Archer Armor
21:51 Bodkin Arrow
22:20 Bow Saw
22:33 Husbandry
23:22 Light Cavalry
25:37 Bloodlines
27:19 Leather Archer Armor
28:22 Ballistics
40:42 Imperial Age
39:11 Scale Barding Armor
39:17 Forging
41:01 Chain Barding Armor
41:57 Iron Casting
41:13 Heavy Cavalry Archer
41:55 Bracer
42:54 Ring Archer Armor
43:28 Chemistry
44:07 Gold Shaft Mining
43:49 Hand Cart
43:20 Town Watch
43:36 Heavy Plow
43:59 Silk Armor
45:21 Conscription
46:20 Plate Barding Armor
46:25 Stone Mining
47:07 Crop Rotation
46:48 Fortified Wall
48:20 Blast Furnace
47:59 Town Patrol
48:12 Timurid Siegecraft
48:43 Hussar
50:27 Cavalier
51:05 Murder Holes
50:51 Treadmill Crane
51:24 Masonry
Connection lost

Rejoining the realm…

Still unreachable

The connection could not be restored.

Session expired

The server has moved on; the page needs a fresh start.